 Dungeon Crawl Stone Soup version 0.20.2-3-g29329e0561 (webtiles) character file.

91 Alfie the Skirmisher (level 4, -1/40 HPs)
             Began as a Hill Orc Fighter on Nov 28, 2023.
             Slain by Sigmund
             ... wielding a cursed -2 scythe
              (7 damage)
             ... on level 3 of the Dungeon.
             The game lasted 00:03:30 (1608 turns).

Alfie the Skirmisher (Hill Orc Fighter)             Turns: 1608, Time: 00:03:31

Health: -1/40      AC:  9    Str: 24    XL:     4   Next: 57%
Magic:  4/4        EV:  7    Int:  8    God:
Gold:   78         SH:  0    Dex: 10    Spells: 3/3 levels left

rFire    . . .     SeeInvis .   a - +0 rapier
rCold    . . .     Gourm    .   c - +0 shield
rNeg     . . .     Faith    .   b - +0 scale mail
rPois    .         Spirit   .   o - +0 helmet
rElec    .         Reflect  .   (no cloak)
rCorr    .         Harm     .   h - +0 pair of gloves
MR       .....                  (no boots)
Stlth    ..........             (no amulet)
Regen    0.2/turn               (no ring)
MPRegen  0.1/turn               (no ring)

@: confused, mighty
A: no striking features
a: no special abilities


You were on level 3 of the Dungeon.
You were not hungry.

You visited 1 branch of the dungeon, and saw 3 of its levels.

You collected 78 gold pieces.

Inventory:

Hand Weapons
 a - a +0 rapier (weapon)
Missiles
 m - a tomahawk (quivered)
Armour
 b - a +0 scale mail (worn)
 c - a +0 shield (worn)
 h - a +0 pair of gloves (worn)
 o - a +0 helmet (worn)
Scrolls
 e - 3 scrolls of identify {unknown}
 i - a scroll of enchant weapon {unknown}
 k - 3 scrolls of immolation {unknown}
 l - 3 scrolls of remove curse {unknown}
Potions
 d - a potion of might
 g - 2 potions of curing {unknown}
 j - 2 potions of heal wounds {unknown}
 n - a potion of haste {unknown}
Comestibles
 p - a meat ration


   Skills:
 + Level 4.2 Fighting
 + Level 3.2 Short Blades
 + Level 3.6 Armour
 + Level 0.5 Dodging
 + Level 3.9 Shields


You had 3 spell levels left.
You didn't know any spells.

Dungeon Overview and Level Annotations

Branches:
Dungeon (3/15)

Altars:
Nemelex Xobeh

Annotations:
D:3 Sigmund


Message History

You closely miss something. You completely miss something. Something hits you.
You closely miss something.
You hear some strange, mumbled words.
A puff of flame appears from out of thin air!
The puff of flame hits you!
You puncture something!
You hear a zap.
A puff of flame appears from out of thin air!
The puff of flame hits you!
* * * LOW HITPOINT WARNING * * *
You miss something.
You hear some strange, mumbled words.
A puff of flame appears from out of thin air!
You block the puff of flame.
You closely miss something.
You hear some strange, mumbled words.
You are confused.
You're too confused to move!
Something hits you!
You die...

..#.# ##....#
..#.# #.....#
.<#.###.....###
#####
..............#
#...##
..#.####......#
#(..># ....#
##...#.# #....
.........####.#
#(.# #
#.#.####.
#.###..#..#
#.#.# #.
#...@{....#
..#.# ..
#####..#(##
###.# .. ......
##.......
#........
####.#.#. .#.#
.. .


There were no monsters in sight!

Vanquished Creatures
  Robin (D:2)
  2 adders (D:2)
  An ooze (D:2)
  A worm (D:2)
  2 leopard geckos
  A giant cockroach (D:2)
  13 goblins
  4 hobgoblins
  4 jackals
  A quokka (D:2)
  2 ball pythons
  4 bats
  4 frilled lizards
  6 kobolds
  8 rats
54 creatures vanquished.

Notes
Turn   | Place    | Note
-------+----------+-------------------------------------------
     0 | D:1      | Alfie the Hill Orc Fighter began the quest for the Orb.
     0 | D:1      | Reached XP level 1. HP: 19/19 MP: 1/1
   141 | D:1      | Reached XP level 2. HP: 26/27 MP: 2/2
   239 | D:1      | Found a sparkling altar of Nemelex Xobeh.
   360 | D:1      | Reached skill level 4 in Fighting
   509 | D:2      | Reached XP level 3. HP: 29/33 MP: 3/3
  1163 | D:2      | Reached XP level 4. HP: 40/40 MP: 4/4
  1216 | D:2      | Noticed Robin
  1237 | D:2      | Killed Robin
  1578 | D:3      | Noticed Sigmund
  1608 | D:3      | Slain by Sigmund

Skill      XL: |  1  2  3  4 |
---------------+-------------+-----
Fighting       | 4 |  4.2
Short Blades   | 3 |  3.2
Armour         | |  3.6
Dodging        | |  0.5
Shields        | |  3.9

Action                   |  1- 3 |  4- 6 || total
-------------------------+-------+-------++-------
Melee: Rapier            |   176 |    60 ||   236
Throw: Tomahawk          |       |     2 ||     2
  Use: Potion            |       |     1 ||     1
  Eat: Chunk             |     1 |     1 ||     2
       Bread ration      |       |     1 ||     1
Armor: Scale mail        |    95 |    19 ||   114
Dodge: Dodged            |    65 |    14 ||    79
Block: Shield            |   117 |    27 ||   144
